cohdb
Replays
Latest Replays
All Replays
Popular Replays
Top Player Replays
Match Explorer
How It Works
Community
CoH3 Stats
Reddit
Sign in to upload your games and track your stats! →
Sign in with Steam
Match 41689974
Unlisted
Match 41689974
Overview
Messages
Build Orders
End
Royal Engineer Section
Construct Section Command Post
Selects Heavy Armor Battlegroup
Infantry Section
Infantry Section
Construct Field Infirmary
Infantry Section
Construct Platoon Command Post
Selects Engineer Detachments
Royal Engineer Section
Infantry Training
6-pounder Anti-tank Gun Team
Royal Engineer Section
Vickers Machine Gun Team
Construct Company Command Post
Selects Light Vehicle Withdraw and Refit
Selects UNKNOWN (202330)
Selects Forward Repair Assembly
Crusader AA Medium Tank
Foot Guards Section
Foot Guards Section
Selects Designate Targets
Selects UNKNOWN (2162094)
Crusader AA Medium Tank
Royal Engineer Section
Royal Engineer Section
Crusader II Medium Tank
Crusader II Medium Tank
Royal Engineer Section
Royal Engineer Section
Crusader II Medium Tank
Designate Targets
stevomcmuffinman
Lazy Ren
0
0
Comments
sign in to comment!
No comments posted yet!